 Dungeon Crawl Stone Soup version 0.27-a0-1046-g98bf31544f (webtiles) character file.

Game seed: 5850334727910956133

192599 tilp the Covert (level 18, -5/100 HPs)
             Began as a Vine Stalker Brigand on Apr 19, 2021.
             Was a Believer of Uskayaw.
             Shot with an arrow by a naga sharpshooter (15 damage)
             ... led by Vashnia
             ... on level 4 of the Snake Pit on Apr 20, 2021.
             The game lasted 01:41:29 (38717 turns).

tilp the Covert (Vine Stalker Brigand)             Turns: 38717, Time: 01:41:29

Health: -5/100     AC: 22    Str: 17    XL:     18   Next: 69%
Magic:  0/9        EV: 16    Int: 11    God:    Uskayaw [**....]
Gold:   917        SH: 13    Dex: 24    Spells: 17/17 levels left

rFire    . . .     SeeInvis .   b - +2 demon blade (antimagic)
rCold    . . .     Faith    +   U - +1 kite shield {reflect}
rNeg     . . .     Spirit   +   V - +1 chain mail {Will+}
rPois    +         Reflect  +   c - +1 helmet
rElec    .         Harm     .   W - +2 cloak {rPois}
rCorr    .         Rampage  .   r - +2 pair of gloves {Str+3}
Will     +++..                  J - +1 pair of boots
Stlth    +++.......             l - amulet of faith
HPRegen  1.26/turn              m - +4 ring of slaying
MPRegen  0.11/turn              M - +4 ring of evasion

@: about to teleport
A: fangs 3, regeneration 1, magic shield, antimagic bite, no potion heal 2
a: Renounce Religion, Stomp, Line Pass


You were on level 4 of the Snake Pit.
You worshipped Uskayaw.
Uskayaw was pleased with you.
You visited 6 branches of the dungeon, and saw 31 of its levels.
You also visited: Ice Cave.

You collected 3008 gold pieces.
You spent 2091 gold pieces at shops.

Inventory:

Hand Weapons
 a - a +4 vorpal dagger
 b - a +2 antimagic demon blade (weapon)
 C - a +3 dagger
 L - a +3 dagger
Missiles
 d - 130 poisoned darts (quivered)
 e - 24 curare-tipped darts {!f}
 G - 36 boomerangs
 H - 11 silver boomerangs
 R - 2 throwing nets {!f}
Armour
 c - a +1 helmet (worn)
 r - a +2 pair of gloves of strength (worn)
 J - a +1 pair of boots (worn)
 U - a +1 kite shield of reflection (worn)
 V - a +1 chain mail of willpower (worn)
 W - a +2 cloak of poison resistance (worn)
Jewellery
 g - a ring of positive energy
 k - a ring of ice
 l - an amulet of faith (around neck)
 m - a +4 ring of slaying (left hand)
 t - a ring of resist corrosion
 v - a +4 ring of protection
 M - a +4 ring of evasion (right hand)
 N - a ring of protection from fire
 Z - the amulet "Taliet" {rPois rF+ Regen+ Str-4}
   (You bought it in a shop on level 2 of the Orcish Mines)

   [amulet of regeneration]

   It affects your strength (-4).
   It protects you from fire.
   It protects you from poison.
   It increases your rate of health regeneration.
Wands
 q - a wand of flame (36)
 y - a wand of iceblast (14)
 z - a wand of paralysis (4)
 D - a wand of charming (21)
 E - a wand of polymorph (48)
 I - a wand of acid (9)
 X - a wand of digging (17)
Scrolls
 h - 11 scrolls of teleportation
 o - a scroll of summoning
 s - 3 scrolls of enchant weapon
 x - 3 scrolls of magic mapping
 K - 5 scrolls of fog
 S - a scroll of silence
 T - 3 scrolls of holy word
 Y - a scroll of enchant armour
Potions
 f - 5 potions of mutation
 i - 6 potions of attraction
 j - a potion of invisibility
 n - a potion of haste
 p - 5 potions of flight
 u - 3 potions of curing
 w - 2 potions of might
 B - a potion of berserk rage
 F - a potion of magic
 O - a potion of cancellation
 Q - a potion of resistance
Miscellaneous
 A - a phial of floods
 P - a condenser vane (inert)


   Skills:
 + Level 13.5 Fighting
 + Level 13.5(13.6) Short Blades
 * Level 2.7(9.4) Long Blades
 - Level 1.7 Throwing
 + Level 6.5 Armour
 + Level 10.3 Dodging
 + Level 14.9 Stealth
 + Level 8.5 Shields
 + Level 13.8 Invocations
 + Level 8.6 Evocations


You had 17 spell levels left.
You didn't know any spells.
Your spell library contained the following spells:

 Spells                   Type           Power      Damage    Failure   Level
 Beastly Appendage        Tmut           0%         N/A       100%        1
 Foxfire                  Conj/Fire      0%         2x1d4     100%        1
 Magic Dart               Conj           0%         1d3       100%        1
 Blink                    Tloc           N/A        N/A       100%        2
 Call Imp                 Summ           0%         N/A       100%        2
 Searing Ray              Conj           0%         3d3       100%        2
 Slow                     Hex            0%         N/A       100%        2
 Wereblood                Tmut           0%         N/A       100%        2
 Conjure Flame            Conj/Fire      0%         6-21      100%        3
 Dazzling Flash           Conj/Hex       0%         N/A       100%        3
 Ignite Poison            Fire/Tmut/Pois 0%         N/A       100%        3
 Inner Flame              Hex/Fire       0%         N/A       100%        3
 Mephitic Cloud           Conj/Pois/Air  0%         N/A       100%        3
 Spider Form              Tmut/Pois      0%         N/A       100%        3
 Fulminant Prism          Conj/Hex       0%         3d6       100%        4
 Ice Form                 Ice/Tmut       0%         N/A       100%        4
 Iskenderun's Mystic Bla  Conj/Tloc      0%         2d3       100%        4
 Sticky Flame             Conj/Fire      0%         2d3       100%        4
 Bolt of Magma            Conj/Fire/Erth 0%         4d4       100%        5
 Fireball                 Conj/Fire      0%         3d3       100%        5
 Hydra Form               Tmut           0%         N/A       100%        5
 Iskenderun's Battlesphe  Conj           0%         2d6       100%        5
 Summon Forest            Summ/Tloc      0%         N/A       100%        5
 Summon Mana Viper        Hex/Summ       0%         N/A       100%        5
 Iron Shot                Conj/Erth      0%         9d1       100%        6
 Shadow Creatures         Summ           N/A        N/A       100%        6
 Starburst                Conj/Fire      0%         8x6d3     100%        6
 Orb of Destruction       Conj           0%         N/A       100%        7
 Spellforged Servitor     Conj/Summ      0%         N/A       100%        7
 Summon Hydra             Summ           0%         N/A       100%        7
 Ignition                 Fire           0%         3d3       100%        8


Dungeon Overview and Level Annotations

Branches:
Dungeon (15/15)            Temple (1/1) D:4            Lair (6/6) D:8
 Shoals (3/4) Lair:4        Snake (4/4) Lair:2        Slime (0/5) Lair:6
    Orc (2/2) D:11            Elf (0/3) Orc:2        Vaults (0/5) D:13
 Depths (0/5) D:15          IceCv (visited)

Altars:
Ashenzari
Cheibriados
Dithmenos
Elyvilon
Fedhas
Gozag
Hepliaklqana
Kikubaaqudgha
Makhleb
Nemelex Xobeh
Okawaru
Qazlal
Ru
Sif Muna
Trog
Uskayaw
Vehumet
Wu Jian
Xom
Yredelemnul
Zin
The Shining One
Beogh
Jiyva

Shops:
D:4 *   D:5 :   D:6 (   D:7 (   D:8 *   D:9 ?   D:10 =   D:11 [(   Orc:1 *
Orc:2 [*((   Snake:3 :

Annotations:
Lair:1 3 runed translucent doors, TheNamelessOne's ghost, journeyman OpTm
Lair:2 Gastronok
Lair:6 exclusion: 3 oklob plants
Shoals:1 exclusion: 2 oklob plants
Shoals:3 Roxanne
Snake:4 Vashnia


Innate Abilities, Weirdness & Mutations

You have razor-sharp teeth.
Your natural rate of healing is unusually fast.
When hurt, damage is shared between your health and your magic reserves.
Your bite disrupts and absorbs the magic of your enemies.
Potions cannot restore your health.


Message History

You resist.
The naga sharpshooter casts a spell.
The naga sharpshooter magically shoots an arrow.
You reflect the arrow off your +1 kite shield of reflection!
Uskayaw will force your foes to share their pain.
Uskayaw links your audience in an emotional bond!
You feel sick.
Vashnia shoots a bolt.
The bolt hits you!!
* * * LOW HITPOINT WARNING * * *
The naga sharpshooter spits poison at you.
The splash of poison misses you.
Unknown command.
Okay, then.
Okay, then.
You feel sick.
Vashnia casts a spell.
Vashnia magically shoots a bolt.
The bolt hits you!!
* * * LOW HITPOINT WARNING * * *
The naga sharpshooter shoots an arrow.
You reflect the arrow off your +1 kite shield of reflection!
The arrow barely misses the naga sharpshooter.
You feel sick.
You feel sick.
You feel sick.
Vashnia is no longer sharing her pain.
You feel sick.
The naga sharpshooter casts a spell.
You feel sick.
You are no longer poisoned.
The naga sharpshooter spits poison at you.
The splash of poison misses you.
As you read the scroll of teleportation, it crumbles to dust.
You feel strangely unstable.
The naga sharpshooter gestures wildly while chanting.
The naga sharpshooter magically shoots an arrow.
You reflect the arrow off your +1 kite shield of reflection!
The naga sharpshooter is no longer sharing its pain.
The naga sharpshooter spits poison at you.
The splash of poison hits you but does no damage.
You resist.
The naga sharpshooter shoots an arrow.
The arrow hits you!
You die...

#####...)###################.....
.......<....#...................<
.##########.##..#.........###....
.##N............N...###...##...##
....N......N..N.....#####......##
.#.....####.........##...##...##
..N###### ########...)..#####.##
##...#####)..........#
#......@.N.....#####.###
#....####...##...##..##.
#.......N........[...##.
#########)..####........
#...###......#.. #...##(.##......
###....#####.### ##...#### #.# #
##..### #.# #


You could see a naga sharpshooter.

Vanquished Creatures
  Asterion (Snake:1)
  Agnes (D:15)
  Donald (Shoals:2)
  3 nagarajas
  A juggernaut zombie (D:15)
  Aizul (Snake:4)
  Louise (Snake:1)
  A war gargoyle (D:14)
  Nessos (D:14)
  Azrael (D:13)
  A merfolk impaler (Shoals:1)
  An ettin (Orc:2)
  A salamander tyrant (Snake:3)
  4 vault guards (D:13)
  3 ogre magi
  Fannar (D:11)
  5 anacondas
  10 hydras
  4 boulder beetles
  4 merfolk avatars
  8 naga warriors
  2 death knights
  4 tengu warriors
  2 catoblepae
  A deep troll shaman (Lair:6)
  4 centaur warriors
  A vampire mage (D:15)
  12 death yaks
  12 two-headed ogres
  4 shock serpents
  19 naga sharpshooters
  3 orc high priests (Orc:2)
  Sonja (Lair:3)
  2 salamander mystics (Snake:2)
  8 skeletal warriors (D:15)
  5 sea snakes
  A deep elf archer (D:13)
  2 deep elf pyromancers
  The ghost of casual the Ducker, a novice TrWz (D:6)
  6 naga ritualists
  A necromancer (D:15)
  2 phantasmal warriors (D:13)
  A lindwurm (Lair:6)
  8 harpies (Shoals:2)
  A mana viper (shapeshifter) (D:13)
  An iron dragon zombie (D:15)
  6 orc knights
  5 orc sorcerers (Orc:2)
  14 salamanders
  9 mana vipers
  7 cyclopes
  9 ugly things
  7 manticores
  5 fauns
  Maurice (D:11)
  15 elephants
  37 black mambas
  A fire giant skeleton (D:15)
  2 merfolk sirens (Shoals:1)
  14 naga magi
  2 guardian serpents (Lair:2)
  5 water nymphs
  11 gargoyles
  A torpor snail (Lair:6)
  14 cane toads
  8 rime drakes
  Psyche (D:10)
  Maggie (Lair:2)
  2 freezing wraiths
  10 komodo dragons
  An efreet (D:13)
  A yaktaur (D:15)
  10 ice devils (IceCv)
  A tengu conjurer (D:15)
  5 trolls
  8 merfolk
  A queen bee (D:10)
  6 polar bears
  13 blink frogs
  3 wind drakes
  A meliai zombie (D:10)
  9 snapping turtles
  8 dream sheep
  5 slime creatures
  3 shadows
  2 centaur simulacra (D:11)
  A spriggan (Lair:6)
  2 water elementals (Shoals:1)
  A vampire (D:12)
  7 wyverns
  5 basilisks
  18 yaks
  A fire dragon skeleton (D:15)
  A steam dragon (shapeshifter) (D:15)
  4 fire elementals (D:13)
  A golden eye (shapeshifter) (D:14)
  2 vampire mosquitoes (D:11)
  3 steam dragons
  An acid dragon (D:10)
  46 nagas
  An acid dragon (shapeshifter) (D:15)
  2 wargs
  18 water moccasins
  4 hell hounds (D:13)
  5 ice beasts
  26 orc warriors
  A black bear (Lair:6)
  A meliai simulacrum (D:11)
  A sky beast (D:5)
  10 ogres
  3 boggarts (D:14)
  31 wolves
  12 centaurs
  A phantom (Temple)
  3 kobold brigands
  11 bullfrogs
  A gnoll sergeant (D:10)
  2 scorpions
  27 killer bees (D:10)
  13 wights
  5 howler monkeys
  6 electric eels
  5 hounds
  3 centaur zombies
  A jelly (D:7)
  15 orc priests
  Crazy Yiuf (D:6)
  A centaur skeleton (D:4)
  7 iguanas
  19 orc wizards
  4 hell rats (Lair:5)
  A hound zombie (D:5)
  A hound skeleton (D:5)
  A howler monkey zombie (D:5)
  9 adders
  11 gnolls
  13 white imps
  12 ufetubi
  3 worms
  A dart slug (D:2)
  61 orcs
  8 ball pythons
  5 bats
  11 endoplasms
  4 giant cockroaches
  10 hobgoblins
  8 jackals
  20 kobolds
  4 quokkas
  3 frilled lizards
  8 goblins
  7 rats
956 creatures vanquished.

Vanquished Creatures (others)
  A reaper (IceCv)
  A boggart (D:14)
  4 white imps (IceCv)
  3 ufetubi (IceCv)
  15 fungi
  103 plants
  14 withered plants
141 creatures vanquished.

Grand Total: 1097 creatures vanquished

Notes
Turn   | Place    | Note
-------+----------+-------------------------------------------
     0 | D:1      | tilp the Vine Stalker Brigand began the quest for the Orb.
     0 | D:1      | Reached XP level 1. HP: 11/11 MP: 2/2
   177 | D:1      | Reached XP level 2. HP: 5/15 MP: 0/3
   623 | D:1      | Reached XP level 3. HP: 19/19 MP: 4/4
  1371 | D:2      | Gained mutation: Your natural rate of healing is unusually
                  | fast. [Vine Stalker growth]
  1371 | D:2      | Reached XP level 4. HP: 8/24 MP: 1/5
  1590 | D:2      | Found a stormy altar of Qazlal.
  1896 | D:3      | Reached XP level 5. HP: 28/28 MP: 6/6
  2479 | D:4      | Found Lycagha's Assorted Antiques.
  2575 | D:4      | Reached XP level 6. HP: 33/33 MP: 7/7
  2582 | D:4      | Reached skill level 1 in Dodging
  2582 | D:4      | Reached skill level 5 in Stealth
  2836 | D:4      | Found a staircase to the Ecumenical Temple.
  2866 | Temple   | Entered the Ecumenical Temple
  3030 | Temple   | Became a worshipper of Uskayaw the Reveller
  3109 | D:4      | Reached * piety under Uskayaw
  3125 | D:4      | Bought a scroll labelled TAEGATEPHOU for 20 gold pieces
  3125 | D:4      | Bought a scroll labelled XODWYE ESKIE for 20 gold pieces
  3125 | D:4      | Bought a shiny helmet for 150 gold pieces
  3308 | Temple   | Reached ** piety under Uskayaw
  3315 | Temple   | Reached *** piety under Uskayaw
  3316 | Temple   | Reached XP level 7. HP: 37/37 MP: 8/8
  3422 | D:4      | Bought a scroll labelled YCUESK OSADDIG for 20 gold pieces
  3463 | D:5      | Entered Level 5 of the Dungeon
  3502 | D:5      | Reached skill level 5 in Short Blades
  3502 | D:5      | Reached skill level 6 in Stealth
  3935 | D:5      | Reached skill level 1 in Invocations
  4014 | D:5      | Noticed a steam dragon
  4140 | D:5      | Found the +5 robe of Misfortune {Contam Harm *Corrode Drain
                  | *Slow EV+5}
  4157 | D:5      | Killed a steam dragon
  4158 | D:5      | Gained mutation: You have razor-sharp teeth. [Vine Stalker
                  | growth]
  4158 | D:5      | Reached XP level 8. HP: 26/42 MP: 9/11
  4326 | D:5      | Found Teiwk's Book Shoppe.
  4652 | D:4      | Bought a dark potion for 18 gold pieces
  4998 | D:6      | Found a runed translucent door.
  4998 | D:6      | Noticed a gargoyle
  4999 | D:6      | Noticed casual's ghost (novice TrWz)
  5079 | D:6      | Found a runed translucent door.
  5080 | D:6      | Noticed Crazy Yiuf
  5383 | D:6      | Reached skill level 5 in Fighting
  5475 | D:6      | Found Egeducex's Weapon Boutique.
  5826 | D:7      | Found Gafupe Nupe's Weapon Emporium.
  5955 | D:6      | Reached XP level 9. HP: 24/47 MP: 13/13
  6115 | D:7      | Reached **** piety under Uskayaw
  6586 | D:8      | Reached ***** piety under Uskayaw
  6872 | D:8      | Found a staircase to the Lair.
  7273 | D:8      | Found Ykuvuag's General Store.
  7367 | D:8      | Bought a scroll of identify for 24 gold pieces
  7694 | D:9      | Reached XP level 10. HP: 36/55 MP: 7/14
  7919 | D:9      | Found Ececeom's Magic Scroll Emporium.
  7922 | D:9      | Bought a scroll of identify for 30 gold pieces
  7922 | D:9      | Bought a scroll of identify for 30 gold pieces
  7922 | D:9      | Bought a scroll of fog for 30 gold pieces
  7922 | D:9      | Bought a scroll of identify for 30 gold pieces
  8363 | D:10     | Entered Level 10 of the Dungeon
  8823 | D:10     | Noticed Psyche
  8856 | D:10     | Killed Psyche
  8857 | D:10     | Reached skill level 10 in Short Blades
  8857 | D:10     | Reached skill level 1 in Evocations
  8879 | D:10     | Found Zumek's Jewellery Shoppe.
  9266 | D:10     | Found a hazy altar of Hepliaklqana.
  9453 | D:11     | Reached skill level 5 in Invocations
  9476 | D:11     | Found a frozen archway.
  9526 | IceCv    | Entered an ice cave
  9580 | IceCv    | Noticed an ice statue
  9580 | IceCv    | Noticed an ice statue
  9734 | IceCv    | Killed a reaper
 10116 | IceCv    | Reached XP level 11. HP: 31/60 MP: 5/17
 11577 | D:11     | Found Zoir's Armour Shoppe.
 11578 | D:11     | Noticed Fannar
 11635 | D:11     | Killed Fannar
 11636 | D:11     | Reached skill level 1 in Armour
 11636 | D:11     | Reached skill level 1 in Shields
 11637 | D:11     | Reached ****** piety under Uskayaw
 11663 | D:11     | Found a staircase to the Orcish Mines.
 11681 | D:11     | Found Coarch's Weapon Shoppe.
 11710 | D:11     | Bought a +1 chain mail of willpower for 280 gold pieces
 11743 | D:11     | Noticed Maurice
 11813 | D:11     | Killed Maurice
 11839 | D:11     | Noticed a death yak
 11860 | D:11     | Killed a death yak
 11861 | D:11     | Reached skill level 7 in Stealth
 11950 | D:11     | Noticed a two-headed ogre
 11973 | D:11     | Killed a two-headed ogre
 12017 | D:11     | Noticed a cyclops
 12067 | D:11     | Killed a cyclops
 12158 | D:11     | Noticed a death knight
 12205 | D:11     | Killed a death knight
 12206 | D:11     | Reached XP level 12. HP: 32/65 MP: 8/19
 12904 | Orc:1    | Entered Level 1 of the Orcish Mines
 12981 | Orc:1    | Reached skill level 8 in Stealth
 13339 | Orc:1    | Found Cuh Yselou's Assorted Antiques.
 13389 | Orc:1    | Bought a scroll of identify for 60 gold pieces
 13389 | Orc:1    | Bought a scroll of identify for 60 gold pieces
 13389 | Orc:1    | Bought a scroll of identify for 60 gold pieces
 13653 | Lair:1   | Entered Level 1 of the Lair of Beasts
 14315 | Lair:1   | Found a runed translucent gate.
 14316 | Lair:1   | Found a runed translucent gate.
 14316 | Lair:1   | Found a runed translucent gate.
 14318 | Lair:1   | Noticed TheNamelessOne's ghost (journeyman OpTm)
 14318 | Lair:1   | Noticed a quicksilver ooze
 14385 | Lair:1   | Found a viscous altar of Jiyva.
 14554 | Lair:2   | Noticed a six-headed hydra
 14649 | Lair:2   | Found a staircase to the Snake Pit.
 14777 | Lair:2   | Reached skill level 9 in Stealth
 14896 | Lair:2   | Reached skill level 5 in Dodging
 14917 | Lair:2   | Reached XP level 13. HP: 70/70 MP: 21/21
 14990 | Lair:2   | Reached skill level 10 in Invocations
 15004 | Lair:2   | Reached skill level 10 in Stealth
 15037 | Lair:2   | Reached skill level 10 in Fighting
 15211 | Lair:2   | Noticed Maggie
 15237 | Lair:2   | Killed Maggie
 15287 | Lair:2   | Noticed Gastronok
 16304 | Lair:3   | Noticed Sonja
 16323 | Lair:3   | Killed Sonja
 16478 | Lair:3   | Reached skill level 11 in Stealth
 17641 | Lair:4   | Found a staircase to the Shoals.
 17965 | Lair:5   | Reached XP level 14. HP: 77/77 MP: 23/23
 18658 | Lair:6   | Entered Level 6 of the Lair of Beasts
 18694 | Lair:6   | Reached skill level 12 in Stealth
 20045 | Lair:6   | Found a staircase to the Slime Pits.
 20352 | Orc:2    | Entered Level 2 of the Orcish Mines
 20386 | Orc:2    | HP: 2/80 [ettin/+0 dire flail (12)]
 20679 | Orc:2    | Found a staircase to the Elven Halls.
 21144 | Orc:2    | Reached XP level 15. HP: 48/84 MP: 20/25
 21421 | Orc:2    | Reached skill level 5 in Armour
 22154 | Orc:2    | Found Edyluifu's Assorted Antiques.
 22154 | Orc:2    | Found Hafis's Antique Armour Boutique.
 22179 | Orc:2    | Found Pibb's Antique Weapon Shoppe.
 22180 | Orc:2    | Found Nixeoph's Antique Weapon Shoppe.
 22387 | Orc:2    | Bought a brown potion for 19 gold pieces
 22387 | Orc:2    | Bought a brown potion for 19 gold pieces
 22387 | Orc:2    | Bought a slimy zirconium amulet for 110 gold pieces
 22387 | Orc:2    | Identified the amulet "Taliet" {rPois rF+ Regen+ Str-4}
                  | (You bought it in a shop on level 2 of the Orcish Mines)
 22389 | Orc:2    | Bought a runed dagger for 175 gold pieces
 23255 | D:13     | Found a gate to the Vaults.
 23326 | D:13     | Noticed Azrael
 23336 | D:13     | Killed Azrael
 24451 | D:14     | Reached skill level 10 in Dodging
 25280 | D:14     | Reached skill level 5 in Shields
 25280 | D:14     | Reached skill level 5 in Evocations
 25283 | D:14     | Reached XP level 16. HP: 88/88 MP: 26/26
 25657 | D:14     | Noticed Nessos
 25665 | D:14     | You fall into a shaft and drop 1 floor!
 25665 | D:15     | Entered Level 15 of the Dungeon
 25665 | D:15     | Found a staircase to the Depths.
 25774 | D:15     | Noticed Agnes
 26517 | D:14     | Killed Nessos
 26830 | D:15     | Killed Agnes
 28177 | D:6      | Killed casual's ghost
 28231 | D:6      | Killed Crazy Yiuf
 28809 | Snake:1  | Entered Level 1 of the Snake Pit
 29043 | Snake:1  | Noticed Louise
 29077 | Snake:1  | Killed Louise
 29258 | Lair:2   | Reached XP level 17. HP: 35/93 MP: 27/27
 29398 | Snake:1  | Noticed Asterion
 29426 | Snake:1  | Killed Asterion
 29613 | Snake:1  | Reached skill level 13 in Stealth
 30687 | Snake:2  | HP: 4/94 [salamander/+0 halberd (7)]
 31612 | Snake:3  | Found Taimim's Book Emporium.
 32390 | Snake:2  | Reached skill level 14 in Stealth
 33887 | Snake:2  | Reached XP level 18. HP: 32/100 MP: 19/29
 34603 | Shoals:1 | Entered Level 1 of the Shoals
 34613 | Shoals:1 | Identified the +1 ring mail of Life {rC+ Dex+2}
 36416 | D:10     | Bought a +4 ring of slaying for 936 gold pieces
 36626 | Shoals:2 | Noticed Donald
 36637 | Shoals:2 | Killed Donald
 37238 | Shoals:2 | Reached skill level 1 in Long Blades
 37692 | Shoals:3 | Identified Roxanne's Almanac of Stones
 37692 | Shoals:3 | Noticed Roxanne
 38062 | Snake:4  | Entered Level 4 of the Snake Pit
 38449 | Snake:4  | Noticed Aizul
 38522 | Snake:4  | Killed Aizul
 38620 | Snake:4  | Noticed Vashnia
 38709 | Snake:4  | HP: 5/100 [Vashnia/bolt (18)]
 38717 | Snake:4  | Shot with an arrow by a naga sharpshooter

Illustrated notes

Levels and vault maps discovered:
D:1:      dpeg_arrival_boxorama, layout_loops_ring
D:2:      layout_rooms, basic_altar
D:3:      layout_loops_ring, chequers_serial_rivers_micro_b
D:4:      layout_rooms, minmay_temple_entry_gardened_gates, serial_shops,
          nicolae_shop_overgrown_old_shop
D:5:      layout_basic, serial_shops, shop
D:6:      layout_gridville, serial_shops, shop_statue,
          ebering_ghost_inner_flame, chequers_serial_rivers_room_b,
          uniq_crazy_yiuf_cottage
D:7:      layout_gridville, serial_shops, nicolae_shop_window_shopping,
          lemuel_old_faithful
D:8:      layout_loops_ring, lair_entry_dummy, kennysheep_nondescript,
          kennysheep_windowed_goal
D:9:      lemuel_ice_spiral_2, layout_irregular_city, serial_shops,
          kennysheep_mini, serial_bayou_lagoon_a
D:10:     layout_grid_maze, nicolae_hepliaklqana_hippocampus, serial_shops,
          shop, special_room [special_room_bee], uniq_psyche
D:11:     layout_basic, orc_david_3, serial_ice, serial_ice_f, serial_ice_m,
          serial_ice_o, serial_ice_h, serial_ice_j, serial_ice_a, serial_ice_n,
          serial_ice_b, serial_ice_e, serial_ice_d, portal_ice_cave_rime,
          uniq_maurice, uniq_fannar
D:12:     layout_stronghold, minmay_statues_item
D:13:     layout_irregular_city, lightli_vaults_fourway_checkpoint,
          minmay_checkerbox, uniq_azrael
D:14:     gargoyle_guard, layout_layer_cave, roderic_lattice_a, uniq_nessos
D:15:     gammafunk_depths_entry_grave, layout_basic, nicolae_twisting_strands,
          grunt_ministairs_11, uniq_agnes
Temple:   kilobyte_greek_temple
Lair:1:   wander_river, layout_concentric_octagons, gammafunk_ghost_endoplasm
Lair:2:   layout_big_grid, minmay_snake_entry_six_corridors, uniq_maggie,
          uniq_gastronok
Lair:3:   layout_layer_cave, beast_lair_carwin_5, uniq_sonja
Lair:4:   layout_misc_corridors, minmay_shoals_entry_hut, serial_bayou_shore_b,
          serial_bayou_shore_b, lemuel_fruit_tree
Lair:5:   layout_regular_city
Lair:6:   grunt_lair_end_beastmaster, layout_regular_city,
          minmay_slime_entry_oklob_enclosed, grunt_forest_large_clearing_hut,
          infiniplex_staircase_pool_2
Shoals:1: layout_shoals, nicolae_shoals_this_corrosion
Shoals:2: layout_shoals, nicolae_shoals_circle_sea_wall, argonaut_gorgonesque,
          uniq_donald
Shoals:3: layout_shoals, uniq_roxanne
Snake:1:  layout_onion_interference, uniq_asterion, uniq_louise
Snake:2:  layout_honeycomb, grunt_megastairs_4
Snake:3:  layout_cave_shapes, serial_shops, shop, serial_bayou_shore_b
Snake:4:  minmay_snake_end_coiled, layout_misc_corridors, uniq_vashnia,
          uniq_aizul
Orc:1:    nicolae_orc_accident_2, layout_diamond_mine, serial_shops,
          shop_fountains
Orc:2:    st_orc_elflike, layout_caves, basic_altar

Skill      XL: |  1  2  3  4  5  6  7  8  9 10 11 12 13 14 15 16 17 18 |
---------------+-------------------------------------------------------+-----
Fighting       | 2 3 4 5 7 8 9 10 12 13 | 13.5
Short Blades   | 2 3 4 6 7 9 10 12 13 | 13.5
Dodging        | 2 3 5 6 10 | 10.3
Stealth        | 5 6 7 9 11 12 14 | 14.9
Invocations    | 3 4 6 8 9 10 12 13 | 13.8
Evocations     | 4 5 8 |  8.6
Armour         | 2 4 6 |  6.5
Shields        | 3 4 5 8 |  8.5
Long Blades    | 2 |  2.7
Throwing       | |  1.7

Action                   |  1- 3 |  4- 6 |  7- 9 | 10-12 | 13-15 | 16-18 || total
-------------------------+-------+-------+-------+-------+-------+-------++-------
Melee: Dagger            |    94 |   167 |   420 |   925 |  1744 |  1903 ||  5253
       Bite              |    25 |    68 |   169 |   389 |   807 |  1173 ||  2631
       Rapier            |       |       |    18 |       |       |       ||    18
       Scimitar          |       |       |       |       |     3 |    12 ||    15
       Demon blade       |       |       |       |       |       |   409 ||   409
Throw: Dart              |    22 |    71 |    53 |    49 |    17 |    29 ||   241
       Throwing net      |       |       |       |     1 |     1 |       ||     2
       Boomerang         |       |       |       |     1 |       |       ||     1
Invok: Line Pass         |       |       |     3 |     1 |       |     5 ||     9
       Stomp             |       |       |       |     6 |     5 |    12 ||    23
       Grand Finale      |       |       |       |     1 |     2 |     4 ||     7
Evoke: Wand              |       |       |       |    17 |     7 |    19 ||    43
       Condenser vane    |       |       |       |     1 |     3 |     5 ||     9
       Phial of floods   |       |       |       |       |       |     1 ||     1
  Use: Scroll            |     1 |     3 |     9 |    13 |     9 |     8 ||    43
       Potion            |       |       |       |     1 |     2 |     3 ||     6
 Stab: Sleeping          |     4 |     8 |    12 |     4 |     7 |     9 ||    44
       Distracted        |       |     1 |     1 |       |     2 |     2 ||     6
       Paralysed         |       |       |     4 |    48 |   102 |   121 ||   275
       Confused          |       |       |     2 |       |       |     2 ||     4
       Held in net/web   |       |       |       |     1 |       |       ||     1
       Petrified         |       |       |       |       |     2 |       ||     2
Armor: Robe              |    10 |       |       |       |       |       ||    10
       Ring mail         |     5 |    38 |   116 |   106 |       |       ||   265
       Chain mail        |       |       |       |   135 |   513 |   676 ||  1324
       Skin              |       |       |       |       |       |    96 ||    96
Dodge: Dodged            |    40 |    64 |   143 |   242 |   556 |   816 ||  1861
Block: Buckler           |       |       |       |   137 |   317 |       ||   454
       Kite shield       |       |       |       |       |   130 |   986 ||  1116
       Reflection        |       |       |       |       |       |    24 ||    24
       Rpst.: Scimitar   |       |       |       |       |     2 |       ||     2
       Demon blade       |       |       |       |       |       |    36 ||    36

Table legend: (Time is in decaauts)
 A = Elapsed time spent in this place.
 B = Non-inter-level travel time spent in this place.
 C = Inter-level travel time spent in this place.
 D = Time resting spent in this place.
 E = Time spent auto-exploring this place.
 F = Levels seen in this place.
 G = Mean time per level.
                   A        B        C        D        E       F      G
               +--------+--------+--------+--------+--------+-----+--------+
         Total |  36963 |  33531 |   3432 |   6286 |  18307 |  32 | 1155.1 |
       Dungeon |  16502 |  15245 |   1257 |   1668 |   9531 |  15 | 1100.1 |
        Temple |    216 |    151 |     65 |      0 |    138 |   1 |  216.0 |
          Lair |   6597 |   5693 |    904 |    348 |   4048 |   6 | 1099.5 |
        Shoals |   3135 |   2914 |    221 |    407 |   1551 |   3 | 1045.0 |
     Snake Pit |   6011 |   5354 |    657 |   1948 |   1869 |   4 | 1502.8 |
  Orcish Mines |   2583 |   2256 |    327 |    570 |   1073 |   2 | 1291.5 |
      Ice Cave |   1917 |   1917 |      0 |   1342 |     96 |   1 | 1917.0 |
               +--------+--------+--------+--------+--------+-----+--------+

Top non-repeatable levels by time:
 Snake:2: 3356 daAuts
   IceCv: 1917 daAuts
    D:14: 1821 daAuts
Shoals:1: 1676 daAuts
    D:11: 1433 daAuts
    D:15: 1427 daAuts
   Orc:2: 1416 daAuts
    D:10: 1413 daAuts
  Lair:3: 1378 daAuts
  Lair:6: 1310 daAuts
  Lair:1: 1270 daAuts
Shoals:2: 1221 daAuts
    D:13: 1175 daAuts
     D:5: 1170 daAuts
   Orc:1: 1166 daAuts
